 Dungeon Crawl Stone Soup version 0.22-a0-833-g8522bf8125 (webtiles) character file.

148 Htamos the Skirmisher (level 5, 41/41 HPs)
             Began as a Mummy Gladiator on July 25, 2018.
             Quit the game on level 3 of the Dungeon.
             The game lasted 00:03:10 (1833 turns).

Htamos the Skirmisher (Mummy Gladiator)             Turns: 1833, Time: 00:03:11

Health: 41/41      AC:  8    Str: 17    XL:     5   Next: 8%
Magic:  5/5        EV: 11    Int:  7    God:
Gold:   44         SH:  0    Dex: 15    Spells: 4/4 levels left

rFire    x . .     SeeInvis .   h - +1 whip (drain)
rCold    + . .     Gourm    .   (no shield)
rNeg     + + +     Faith    .   f - +0 scale mail
rPois    ∞         Spirit   .   c - +0 helmet
rElec    .         Reflect  .   (no cloak)
rCorr    .         Harm     .   e - +0 pair of gloves
MR       .....                  (no boots)
Stlth    ..........             (no amulet)
HPRegen  0.13/turn              (no ring)
MPRegen  0.09/turn              (no ring)

@: no status effects
A: no food or potions, fire vulnerability, cold resistance 1, negative energy
resistance 3, torment resistance, unbreathing
a: no special abilities


You were on level 3 of the Dungeon.
You were not hungry.

You visited 1 branch of the dungeon, and saw 3 of its levels.

You collected 44 gold pieces.

Inventory:

Hand Weapons
 a - a +0 quarterstaff
 h - a +1 whip of draining (weapon)
Missiles
 d - 3 throwing nets (quivered)
Armour
 b - a +0 leather armour
 c - a +0 helmet (worn)
 e - a +0 pair of gloves (worn)
 f - a +0 scale mail (worn)
Scrolls
 g - a scroll of teleportation {unknown}


   Skills:
 * Level 3.3 Fighting
 - Level 3.2 Staves
 + Level 2.4 Throwing
 + Level 3.0 Dodging


You had 4 spell levels left.
You didn't know any spells.
Your spell library was empty.

Dungeon Overview and Level Annotations

Branches:
Dungeon (3/15)

Altars:

Annotations:
D:2 Sigmund


Innate Abilities, Weirdness & Mutations

You do not eat or drink.
Your flesh is vulnerable to fire.
You are immune to poison.
Your flesh is cold resistant. (rC+)
You are immune to negative energy. (rN+++)
You are immune to unholy pain and torment.
You can survive without breathing.


Message History

You closely miss Jessica. Jessica barely misses you.
You hit Jessica.
Jessica is severely wounded.
Jessica hits you but does no damage.
You hit Jessica.
You kill Jessica!
You have reached level 5!
You feel agile. As you open the door, it creaks loudly!
There is an open door here.
You open the door.
There is an open door here.
There is a stone staircase leading up here.
There is an open door here.
Done exploring.
Done exploring.
Done exploring.
Done exploring.
No target in view!
Are you sure you want to abandon this character and quit the game? (Confirm with "yes".)

###'######......)[.......
##'######..........(((..
#......$#......#....###.
#.......####'#+#...<+...
#.......##......#...####
#...............'.......
#...............#...#...
#...............#...#...
#......@##......#...#...
#.......##......#####...
##.......+$.....# #...
#########......# #...
######## ####


There were no monsters in sight!

Vanquished Creatures
  An orc wizard (D:3)
  Jessica (D:3)
  5 adders (D:3)
  A dart slug (D:1)
  3 orcs (D:3)
  A ball python (D:3)
  6 bats
  A giant cockroach (D:3)
  4 goblins
  3 hobgoblins
  4 jackals (D:1)
  3 frilled lizards
  8 kobolds
  2 rats
43 creatures vanquished.

Notes
Turn   | Place    | Note
-------+----------+-------------------------------------------
     0 | D:1      | Htamos the Mummy Gladiator began the quest for the Orb.
     0 | D:1      | Reached XP level 1. HP: 16/16 MP: 1/1
     6 | D:1      | Noticed a lindwurm
     6 | D:1      | Noticed a black bear
     7 | D:1      | Noticed a hound
   217 | D:1      | Reached XP level 2. HP: 22/22 MP: 2/2
   458 | D:1      | You fall through a shaft!
   458 | D:2      | Noticed Sigmund
   949 | D:1      | Reached XP level 3. HP: 28/28 MP: 3/3
  1092 | D:3      | Reached XP level 4. HP: 11/34 MP: 4/4
  1708 | D:3      | Noticed Jessica
  1716 | D:3      | Killed Jessica
  1716 | D:3      | Reached XP level 5. HP: 41/41 MP: 5/5
  1833 | D:3      | Quit the game

Vault maps used:
D:1:      onia_arrival_zoo_common, minmay_misc_feat_plants
D:2:      uniq_sigmund
D:3:      uniq_jessica

Skill      XL: |  1  2  3  4 |
---------------+-------------+-----
Staves         | 3 |  3.2
Throwing       | 2 |  2.4
Fighting       | 3 |  3.3
Dodging        | 3 |  3.0

Action                   |  1- 3 |  4- 6 || total
-------------------------+-------+-------++-------
Melee: Quarterstaff      |   100 |     2 ||   102
       Whip              |       |    48 ||    48
 Stab: Sleeping          |     1 |       ||     1
Armor: Leather armour    |    19 |       ||    19
       Scale mail        |    55 |    37 ||    92
Dodge: Dodged            |    92 |    22 ||   114

Table legend:
 A = Spawn XP
 B = Non-spawn XP
 C = Spawn XP percentage of total XP
 D = Spawn monster count
 E = Non-spawn monster count
 F = Spawn count percentage of total count
 G = Total turns spent on level
                    A         B        C        D         E        F      G
               +---------+---------+-------+---------+---------+-------+---------
         Total |       0 |     212 |   0.0 |       0 |      43 |   0.0 |  1833
               +---------+---------+-------+---------+---------+-------+---------
           D:1 |       0 |      39 |   0.0 |       0 |      21 |   0.0 |   778
           D:2 |       0 |       4 |   0.0 |       0 |       3 |   0.0 |   190
           D:3 |       0 |     169 |   0.0 |       0 |      19 |   0.0 |   865
               +---------+---------+-------+---------+---------+-------+---------
